Map: 瑟拉斯遺跡

Players

Rose (Python)

  • Race: Zerg Zerg
  • League: Grandmaster

Rex - Winner!

  • Race: Zerg Zerg
  • League: Grandmaster

Event: 2016 WCS Winter Challenger Taiwan

VOD

Have the link to the VOD?

Description

Time

  • Played on: Jan. 15, 2016, 7:06 a.m.
  • Length: 7:00

All games in this series

Show
View Real Time Build Order
Export as new Build Order

Rose Zerg 

Build Orders: Hatch First, Zergling Baneling 

Get SALT Encoding   

  12  0:01  Drone  
  13  0:08  Drone  
  14  0:18  Overlord  
  14  0:21  Extractor  
  14  0:23  Drone  
  15  0:36  Drone x2  
  17  0:53  Hatchery  
  17  0:56  Drone  
  17  1:11  Spawning Pool  
  16  1:14  Extractor  
  16  1:15  Drone  
  16  1:19  Drone  
  16  1:24  Drone  
  18  1:30  Drone  
  19  1:38  Overlord  
  19  1:57  Queen  
  19  1:58  Zergling x2  
  22  2:01  Drone  
  22  2:05  Queen  
  22  2:06  Drone  
  26  2:12  Drone  
  26  2:14  Metabolic Boost  
  27  2:19  Drone  
  28  2:25  Drone  
  29  2:31  Spine Crawler  
  28  2:37  Baneling Nest  
  28  2:39  Zergling x2  
  29  2:52  Zergling x8  
  33  3:04  Overlord  
  33  3:06  Zergling x6  
  36  3:13  Overlord  
  36  3:23  Zergling x10  
  41  3:29  Baneling  
  41  3:30  Baneling  
  41  3:32  Drone  
  42  3:39  Zergling x4  
  42  3:41  Baneling x4  
  44  3:52  Zergling x2  
  44  3:53  Zergling x10  
  44  4:00  Zergling x2  
  37  4:11  Drone x2  
  37  4:14  Drone  
  40  4:17  Baneling x3  
  40  4:18  Baneling  
  40  4:21  Drone  
  41  4:27  Drone  
  41  4:32  Drone  
  41  4:38  Drone  
  42  4:42  Drone  
  42  4:45  Lair  
  43  4:47  Extractor  
  39  5:05  Zergling x10  
  41  5:10  Extractor x2  
  41  5:13  Spine Crawler, Zergling x2  
  41  5:14  Queen  
  39  5:15  Zergling x6  
  39  5:19  Zergling x2  
  39  5:20  Zergling x6  
  48  5:28  Baneling  
  47  5:40  Zergling x8, Baneling  
  33  5:53  Zergling x6  
  33  5:54  Zergling x2  
  33  6:02  Zergling x2  
  34  6:05  Spire  
  33  6:15  Drone x3  
  34  6:21  Drone  
  34  6:23  Baneling x3  
  34  6:24  Baneling  
  28  6:40  Drone x3  
  28  6:43  Zergling x2  
Show
View Real Time Build Order
Export as new Build Order

Rex Zerg - Winner!

Build Orders: Pool First, Zergling Baneling 

Get SALT Encoding   

  12  0:01  Drone  
  13  0:08  Drone  
  14  0:17  Overlord  
  14  0:23  Extractor  
  14  0:24  Drone  
  15  0:36  Drone x2  
  17  0:46  Spawning Pool  
  17  0:49  Extractor  
  15  0:51  Drone  
  15  0:55  Drone  
  17  1:19  Hatchery  
  16  1:32  Queen  
  16  1:34  Zergling x2  
  19  1:42  Drone  
  20  1:49  Metabolic Boost  
  20  1:52  Zergling x2  
  21  1:59  Overlord  
  21  2:10  Baneling Nest  
  20  2:19  Queen  
  22  2:25  Drone  
  22  2:28  Drone  
  24  2:33  Drone  
  25  2:38  Drone  
  25  2:41  Drone  
  27  2:46  Drone  
  28  2:53  Drone  
  29  3:01  Overlord  
  29  3:03  Zergling x2  
  29  3:04  Zergling x2  
  32  3:05  Drone  
  32  3:08  Baneling x2  
  33  3:12  Zergling x2  
  33  3:23  Spine Crawler, Baneling x2  
  33  3:25  Zergling x4  
  33  3:26  Zergling x2  
  35  3:35  Zergling x4  
  35  3:36  Baneling x2  
  37  3:47  Overlord  
  37  3:48  Zergling x4  
  37  3:54  Drone x2  
  37  3:55  Drone  
  35  3:58  Drone  
  33  4:10  Drone  
  33  4:11  Zergling x4  
  33  4:12  Zergling x2  
  33  4:15  Zergling x2  
  38  4:19  Drone  
  39  4:25  Zergling x2  
  39  4:26  Zergling x2  
  39  4:27  Baneling x4  
  39  4:30  Baneling x2  
  41  4:40  Zergling x2  
  41  4:41  Zergling x2  
  43  4:48  Zergling x2  
  43  4:56  Zergling x12  
  46  5:05  Zergling x8  
  48  5:10  Baneling  
  48  5:11  Baneling x3  
  48  5:13  Zergling x2  
  49  5:17  Zergling x2  
  49  5:20  Zergling x2  
  51  5:25  Zergling x2  
  52  5:31  Zergling x2, Baneling x2  
  52  5:32  Zergling x2  
  44  5:54  Zergling x2  
  41  5:58  Zergling x4  
  41  6:02  Zergling x4  
  41  6:04  Zergling x2  
  45  6:07  Baneling x2  
  45  6:09  Zergling x6  
  45  6:11  Zergling x2  
  46  6:12  Baneling x2  
  46  6:15  Zergling x4  
  48  6:26  Zergling x2  
  48  6:34  Zergling x2  
  48  6:37  Zergling x2  
  48  6:38  Zergling x4  
  50  6:40  Zergling x2  
Tags
 
Add a new tag
Caveats
  • Supply blocks, unpowered buildings, or Contaminate may cause inaccurate times.
  • Supply counts are checked every 10 seconds.